 Dungeon Crawl Stone Soup version 0.17-a0-1987-gaf5a542 (webtiles) character file.

1232 SlimeFever the Ruffian (level 8, 0/78 HPs)
             Began as a Troll Monk on Oct 6, 2015.
             Was an Elder of Makhleb.
             Succumbed to an orc warrior's poison
             ... on level 6 of the Dungeon.
             The game lasted 00:37:00 (3882 turns).

SlimeFever the Ruffian (Troll Monk)                 Turns: 3882, Time: 00:37:00

Health: 0/78       AC:  7    Str: 21    XL:     8   Next: 24%
Magic:  7/7        EV: 12    Int: 11    God:    Makhleb [****..]
Gold:   297        SH:  0    Dex: 13    Spells: 0 memorised, 7 levels left

rFire  . . .     SeeInvis .       - Unarmed
rCold  . . .     Clarity  .     t - +2 robe
rNeg   . . .     SustAt   .     (no shield)
rPois  .         Gourm    +     (helmet restricted)
rElec  .         Spirit   .     (no cloak)
rCorr  .         Warding  .     (gloves unavailable)
rMut   .         Rnd*Tele +     (boots unavailable)
MR     .....                    (no amulet)
Stlth  ++........               k - ring of invisibility
                                (no ring)

@: brilliant, lethally poisoned (0 -> -3), not resistant to hostile
enchantments, unstealthy
A: unfitting armour, claws 3, fast metabolism 3, gourmand, regeneration 2,
shaggy fur 1, teleportitis 1, tough skin 2
a: Minor Destruction, Lesser Servant of Makhleb, Major Destruction, Renounce
Religion, Evoke Invisibility


You were on level 6 of the Dungeon.
You worshipped Makhleb.
Makhleb was greatly pleased with you.
You were not hungry.

You visited 1 branch of the dungeon, and saw 6 of its levels.

You collected 297 gold pieces.

Inventory:

Hand Weapons
 a - a +1 arbalest
Missiles
 h - 21 bolts
Armour
 t - a +2 robe (worn)
Jewellery
 g - an uncursed ring of teleportation
 k - a ring of invisibility (right claw)
 w - an uncursed ring of positive energy {unknown}
Scrolls
 c - a scroll of blinking
 l - 2 scrolls of identify
 m - a scroll of teleportation
 n - a scroll of enchant armour
 o - a scroll of remove curse
 r - a scroll of amnesia
Potions
 d - 3 potions of haste
 e - a potion of ambrosia
 j - 3 potions of invisibility
 p - 2 potions of brilliance
 v - a potion of berserk rage {unknown}
Comestibles
 b - 6 bread rations
 i - 3 beef jerkies
 s - a royal jelly
 x - 4 fruits


   Skills:
 + Level 3.8 Fighting
 + Level 0.2 Crossbows
 * Level 6.0 Dodging
 + Level 1.8 Stealth
 * Level 7.2 Unarmed Combat
 + Level 0.1 Invocations


You had 7 spell levels left.
You didn't know any spells.

Dungeon Overview and Level Annotations

Branches:
Dungeon (6/15)
 Temple: D:4-7

Altars:
Elyvilon
Makhleb
Qazlal
Yredelemnul


Innate Abilities, Weirdness & Mutations

You are too large for most types of armour.
You have claws for hands.
Your metabolism is lightning-fast.
You like to eat raw meat.
You heal very quickly.
You are covered in fur (AC +1).
You have very tough skin (AC +2).
You are occasionally teleported to nearby monsters.


Message History

* * * LOW HITPOINT WARNING * * *
You feel very sick.
* * * LOW HITPOINT WARNING * * *
You feel very sick. The worker ant closely misses you.
There is a large open door here.
It was a potion of brilliance.
You feel clever all of a sudden.
* * * LOW HITPOINT WARNING * * *
You feel very sick.
The orc warrior hits you but does no damage.
The worker ant closely misses you.
It was a potion of curing.
You feel better.
The orc warrior hits you with a rapier of venom!
* * * LOW HITPOINT WARNING * * *
You are lethally poisoned!
The worker ant bites you but does no damage.
It was a potion of mutation.
You feel extremely strange.
You feel weirdly uncertain.
You feel stupid.
You feel clever.
You die...

##....#.......<....#.#
.......##.........#.####.#.#
........###.#.#...#.# #.#.#
.........##.#.#...#.# #.#.#
..........###.#...#.## #.#..
...........##.##.....# #.##.
.?.........##.#....#.# #.##.
♣..♣.)....o##.######.# #.##.
#.......a@...).....# #.##.
#........'.######### #.##.
♣..♣.......#############.##.
...........#.............##.
...........#.##############.
..........##.# #.......>....
.........###.# #.##.########
........##...# #.##..# #.###
#.###...


You could see an orc warrior and a worker ant.

Vanquished Creatures
  A troll (D:6)
  A sky beast (D:5)
  An ice beast (D:4)
  An orc warrior (D:6)
  An ogre (D:5)
  A scorpion (D:6)
  A hound (D:4)
  2 jellies
  A giant frog zombie (D:3)
  An iguana (D:3)
  A giant frog skeleton (D:4)
  2 orc priests (D:5)
  3 orc wizards
  2 worker ants
  A hound skeleton (D:6)
  11 adders
  A gnoll (D:1)
  3 worms
  3 giant geckos
  19 orcs
  A ball python (D:2)
  7 bats
  5 hobgoblins
  8 jackals
  6 kobolds
  3 giant cockroaches
  A giant gecko skeleton (D:4)
  5 giant newts
  4 goblins (D:1)
  5 rats
102 creatures vanquished.

Notes
Turn   | Place    | Note
--------------------------------------------------------------
     0 | D:1      | SlimeFever the Troll Monk began the quest for the Orb.
     0 | D:1      | Reached XP level 1. HP: 22/22 MP: 0/0
    23 | D:1      | Reached XP level 2. HP: 11/29 MP: 1/1
   433 | D:2      | Reached XP level 3. HP: 36/36 MP: 2/2
   632 | D:2      | Found a white marble altar of Elyvilon.
   734 | D:2      | Found a burning altar of Makhleb.
   774 | D:2      | Reached skill level 5 in Unarmed Combat
   774 | D:2      | Reached XP level 4. HP: 44/44 MP: 3/3
   922 | D:2      | Became a worshipper of Makhleb the Destroyer
   922 | D:2      | Acquired Makhleb's first power
   922 | D:2      | Acquired Makhleb's second power
  1328 | D:3      | Reached XP level 5. HP: 49/52 MP: 4/4
  2115 | D:4      | Noticed an ice beast
  2129 | D:4      | Killed an ice beast
  2129 | D:4      | Reached XP level 6. HP: 48/61 MP: 5/5
  2162 | D:4      | Found a basalt altar of Yredelemnul.
  2167 | D:4      | Reached skill level 6 in Unarmed Combat
  2173 | D:4      | Acquired Makhleb's third power
  2435 | D:5      | Entered Level 5 of the Dungeon
  2554 | D:5      | Reached XP level 7. HP: 67/67 MP: 6/6
  2662 | D:5      | Found a stormy altar of Qazlal.
  2818 | D:5      | Reached skill level 5 in Dodging
  3178 | D:6      | Acquired Makhleb's fourth power
  3854 | D:6      | Noticed a troll
  3864 | D:6      | Killed a troll
  3864 | D:6      | Reached skill level 7 in Unarmed Combat
  3864 | D:6      | Reached XP level 8. HP: 58/78 MP: 7/7
  3880 | D:6      | HP: 3/78 [poisoned by an orc warrior]
  3881 | D:6      | HP: 1/78 [orc warrior/rapier of venom (12)]
  3882 | D:6      | Gained mutation: You are occasionally teleported to nearby monsters. [potion of mutation]
  3882 | D:6      | Gained mutation: You are dopey. (Int -2) [potion of mutation]
  3882 | D:6      | Lost mutation: You are dopey. (Int -2) [potion of mutation]
  3882 | D:6      | Succumbed to an orc warrior's poison

Vault maps used:
D:1:      saegor_arrival_simple_c
D:2:      elyvilon_altar_4, lemuel_crystal_altar, minmay_misc_feat_enclosed
D:3:      minivault_11, hangedman_feature_mirror
D:4:      yredelemnul_altar_generic
D:5:      grunt_qazlal_clouds, first_bread
D:6:      kennysheep_big_flooded_room, serial_corexii_hall,
          corexii_hall_statues_u, corexii_hall_statues_l, corexii_hall_statues_s

Action                   |  1- 3 |  4- 6 |  7- 9 || total
-------------------------+-------+-------+-------++-------
Melee: Unarmed           |    75 |   151 |    88 ||   314
 Fire: Arbalest          |       |       |     2 ||     2
Invok: Minor Destruction |       |       |     6 ||     6
  Use: Scroll            |     4 |     6 |     2 ||    12
       Potion            |       |     1 |     4 ||     5
 Stab: Sleeping          |     2 |     1 |     1 ||     4
  Eat: Chunk             |     4 |    20 |     5 ||    29
       Meat ration       |       |       |     1 ||     1
